 Dungeon Crawl Stone Soup version 0.30-a0-782-ge64f9170bb (webtiles) character file.

Game seed: 4718756409958904915

57 Flugkiller the Cutter (level 3, -2/22 HPs)
             Began as a Deep Elf Chaos Knight on Feb 28, 2023.
             Was a Plaything of Xom.
             Slain by a gnoll
             ... wielding a +0 halberd of protection
              (8 damage)
             ... on level 2 of the Dungeon.
             The game lasted 00:01:26 (1122 turns).

Flugkiller the Cutter (Deep Elf Chaos Knight)       Turns: 1122, Time: 00:01:27

Health: -2/22      AC:  5    Str:  9    XL:     3   Next: 73%
Magic:  5/5        EV: 12    Int: 16    God:    Xom [..*...]
Gold:   62         SH:  0    Dex: 16    Spells: 2/2 levels left

rFire   . . .      SeeInvis .    f - +0 rapier
rCold   . . .      Faith    .    (no shield)
rNeg    . . .      Spirit   .    b - +2 leather armour
rPois   .          Reflect  .    (no helmet)
rElec   .          Harm     .    (no cloak)
rCorr   .          Rampage  .    (no gloves)
Will    .....                    (no boots)
Stlth   ++                       (no amulet)
HPRegen 0.23/turn                (no ring)
MPRegen 0.09/turn                (no ring)

@: no status effects
A: no striking features
a: Renounce Religion


You were on level 2 of the Dungeon.
You worshipped Xom.
You were a toy of Xom.
You visited 1 branch of the dungeon, and saw 2 of its levels.

You collected 62 gold pieces.

Inventory:

Hand Weapons
 a - a +0 short sword of chaos
 f - a +0 rapier (weapon)
   (You found it on level 1 of the Dungeon)
Armour
 b - a +2 leather armour (worn)
Scrolls
 d - a scroll of magic mapping {unknown}
 e - a scroll of teleportation {unknown}
 g - a scroll of immolation {unknown}
 h - a scroll of identify {unknown}
Potions
 i - 2 potions of might {unknown}
 j - a potion of lignification {unknown}
Miscellaneous
 c - a piece from Xom's chessboard (13/15) (quivered)


   Skills:
 + Level 2.8 Fighting
 + Level 3.5 Short Blades
 - Level 0.7 Armour
 + Level 3.3 Dodging
 + Level 2.0 Stealth


You had 2 spell levels left.
You didn't know any spells.
Your spell library contained the following spells:

 Spells                   Type           Power      Damage    Failure   Level
 Kiss of Death            Conj/Necr      0%         2d5       34%         1
 Confusing Touch          Hex            0%         N/A       71%         3
 Dispel Undead            Necr           0%         3d6       98%         4


Dungeon Overview and Level Annotations

Branches:
Dungeon (2/15) Zot: 10881

Altars:


Message History

The endoplasm freezes you.
You are frozen.
You hit the endoplasm but do no damage.
The endoplasm is moderately wounded.
The endoplasm freezes you.
You are frozen.
You hit the endoplasm.
The endoplasm is severely wounded.
The endoplasm freezes you.
You are frozen.
You barely miss the endoplasm.
The endoplasm is severely wounded.
The endoplasm freezes you.
You are frozen.
You are too injured to fight recklessly!
You are too injured to fight recklessly!
You barely miss the endoplasm.
The endoplasm is severely wounded.
The endoplasm freezes you.
You are frozen.
A shower of butterflies erupts from you!
Unknown command.
You hit the endoplasm.
You kill the endoplasm!
Your Stealth skill increases to level 2!
Unknown command.
You swap places.
There is a stone staircase leading up here.
You climb upwards.
There is a stone staircase leading down here.
You start resting.
HP restored.
You climb downwards.
There is a stone staircase leading up here.
j - a viscous golden potion A gnoll is nearby!
A gnoll is nearby!
Unknown command.
You closely miss the gnoll.
The gnoll shouts! x3
The gnoll hits you with a +0 spear.
You hear a shout!
You hit the gnoll.
The gnoll is moderately wounded.
The gnoll hits you with a +0 spear! The gnoll attacks as you move away!
The gnoll hits you with a +0 spear.
The gnoll hits you from afar with a +0 spear.
* * * LOW HITPOINT WARNING * * *
You are now a special plaything of Xom.
There is a stone staircase leading up here.
The gnoll hits you from afar with a +0 spear.
You climb upwards.
There is a stone staircase leading down here.
You start resting.
HP restored.
You see here a +0 hand axe.
There is a stone staircase leading down here.
You climb downwards.
There is a stone staircase leading up here.
You see here a +0 club.
You see here an adder skeleton.
You see here a jackal skeleton.
You see here a ball python skeleton.
A gnoll is nearby!
A gnoll is nearby!
Unknown command.
You hear Xom's avuncular chuckle.
The gnoll is charmed.
You are now a toy of Xom.
Your gnoll hits the gnoll with a +0 spear.
The gnoll hits your gnoll with a +0 halberd of protection!
Your gnoll dies!
Okay, then.
You make a move on Xom's chessboard...
The gnoll is outlined in light.
You make a move on Xom's chessboard...
The gnoll falls asleep!
Unknown command.
The gnoll shouts!
The gnoll barely misses you.
You hit the gnoll.
The gnoll is moderately wounded.
The gnoll barely misses you.
You hit the gnoll but do no damage.
The gnoll is moderately wounded.
The gnoll completely misses you.
You hit the gnoll but do no damage.
The gnoll is moderately wounded.
The gnoll barely misses you.
You hit the gnoll.
The gnoll is heavily wounded.
The gnoll hits you with a +0 halberd of protection.
You barely miss the gnoll.
The gnoll is heavily wounded.
The gnoll stops glowing.
The gnoll hits you with a +0 halberd of protection!
Ouch! That really hurt!
* * * LOW HITPOINT WARNING * * *
You hit the gnoll.
The gnoll is almost dead.
The gnoll hits you with a +0 halberd of protection!
You die...

......## .. #......#..#.##
gg.....# .# ##...####.#..#
.......## ##.... #.#.##
.......#..####.... ####...#
................)###.....##
..g............#.........#
..........###....####.####
............#...g##...#
.......####.....@##.#############
..................÷......>.......
.........................#.......
...†.....................#.÷.....
......#.<........#.###÷###<.)....
.....#.................÷)........
.......#[...............##.......
..#...............#...####.......
..................###...#########


You could see a gnoll.

Vanquished Creatures
  An adder (D:2)
  2 worms (D:2)
  A dart slug (D:1)
  5 bats
  4 endoplasms
  A giant cockroach (D:1)
  2 goblins (D:1)
  2 hobgoblins (D:1)
  4 jackals
  4 kobolds
  5 quokkas
  3 ball pythons
  A frilled lizard (D:1)
  A rat (D:2)
36 creatures vanquished.

Vanquished Creatures (others)
  A gnoll (D:2)
  An endoplasm zombie (D:1)
2 creatures vanquished.

Grand Total: 38 creatures vanquished

Notes
Turn   | Place    | Note
-------+----------+-------------------------------------------
     0 | D:1      | Flugkiller the Deep Elf Chaos Knight began the quest for
                  | the Orb.
     0 | D:1      | Reached XP level 1. HP: 13/13 MP: 3/3
    61 | D:1      | XOM: silly message
   114 | D:1      | Reached skill level 1 in Stealth
   114 | D:1      | Reached XP level 2. HP: 14/18 MP: 4/4
   670 | D:2      | Reached XP level 3. HP: 22/22 MP: 5/5
   697 | D:2      | XOM: divination: magic mapping
   889 | D:2      | XOM: butterfly on damage
  1108 | D:2      | XOM: enchant monster (good)
  1122 | D:2      | Slain by a gnoll

Illustrated notes

Levels and vault maps discovered:
D:1:      dpeg_arrival_rhombus, layout_loops_ring
D:2:      layout_rooms

Skill      XL: |  1  2  3 |
---------------+----------+-----
Stealth        | 1 2 |  2.0
Dodging        | 3 |  3.3
Fighting       | |  2.8
Short Blades   | |  3.5
Armour         | |  0.7

Action                     || total
---------------------------++-------
  Melee: Short sword       ||    49
         Rapier            ||    58
  Evoke: Piece from Xom's  ||     2
   Stab: Sleeping          ||     5
         Distracted        ||     1
 Armour: Leather armour    ||    23
  Dodge: Dodged            ||    50

Table legend: (Time is in decaauts)
 A = Elapsed time spent in this place.
 B = Non-inter-level travel time spent in this place.
 C = Inter-level travel time spent in this place.
 D = Time resting spent in this place.
 E = Time spent auto-exploring this place.
 F = Levels seen in this place.
 G = Mean time per level.
                   A        B        C        D        E       F      G
               +--------+--------+--------+--------+--------+-----+--------+
         Total |   1117 |   1051 |     66 |    135 |    608 |   2 |  558.5 |
       Dungeon |   1117 |   1051 |     66 |    135 |    608 |   2 |  558.5 |
               +--------+--------+--------+--------+--------+-----+--------+

Top non-repeatable levels by time:
     D:1: 826 daAuts
     D:2: 291 daAuts
